 Dungeon Crawl Stone Soup version 0.26.1-11-gd32895ea62 (webtiles) character file.

Game seed: 13693226220326622726

114 Eitelfritz the Slasher (level 4, 0/34 HPs)
             Began as a Demonspawn Gladiator on May 8, 2021.
             Killed from afar by an orc wizard (5 damage)
             ... with a magic dart
             ... on level 3 of the Dungeon.
             The game lasted 00:03:02 (1963 turns).

Eitelfritz the Slasher (Demonspawn Gladiator)       Turns: 1963, Time: 00:03:02

Health: 0/34       AC:  5    Str: 15    XL:     4   Next: 66%
Magic:  4/4        EV: 12    Int:  9    God:
Gold:   161        SH:  0    Dex: 15    Spells: 3/3 levels left

rFire    . . .     SeeInvis .   a - +0 long sword
rCold    . . .     Faith    .   (no shield)
rNeg     . . .     Spirit   .   m - +0 ring mail
rPois    .         Reflect  .   (helmet restricted)
rElec    .         Harm     .   (no cloak)
rCorr    .         Rampage  .   (no gloves)
Will     .....                  (no boots)
Stlth    +.........             (no amulet)
HPRegen  0.11/turn              (no ring)
MPRegen  0.09/turn              (no ring)

@: no status effects
A: horns 1, demonic guardian 1, miasma immunity
a: no special abilities


You were on level 3 of the Dungeon.
You visited 1 branch of the dungeon, and saw 3 of its levels.

You collected 161 gold pieces.

Inventory:

Hand Weapons
 a - a +0 long sword (weapon)
Missiles
 d - 3 throwing nets (quivered)
Armour
 m - a +0 ring mail (worn)
Wands
 b - a wand of acid (12)
Scrolls
 c - a scroll of fog {unknown}
 e - 4 scrolls of identify {unknown}
 f - a scroll of enchant armour {unknown}
 h - 2 scrolls of teleportation {unknown}
 j - a scroll of blinking {unknown}
 l - a scroll of remove curse {unknown}
Potions
 g - a potion of attraction {unknown}
 i - 2 potions of might {unknown}
 k - a potion of curing {unknown}
 n - a potion of mutation {unknown}


   Skills:
 + Level 2.4 Fighting
 + Level 3.8 Long Blades
 + Level 2.0 Throwing
 + Level 0.9 Armour
 + Level 3.5 Dodging


You had 3 spell levels left.
You didn't know any spells.
Your spell library was empty.

Dungeon Overview and Level Annotations

Branches:
Dungeon (2/15)

Altars:


Innate Abilities, Weirdness & Mutations

You have a pair of small horns on your head.
A weak demonic guardian rushes to your aid.
You are immune to miasma.


Message History

* * * LOW HITPOINT WARNING * * *
The adder closely misses you.
You barely miss the adder.
You headbutt the adder, but do no damage.
The adder is severely wounded.
The adder bites you but does no damage.
You closely miss the adder.
The adder is severely wounded.
The adder misses you.
You riposte.
You closely miss the adder. Your headbutt misses the adder.
The adder is severely wounded.
The adder barely misses you.
You hit the adder.
You kill the adder!
Something hits you but does no damage.
You miss something.
You hear some strange, mumbled words.
A magic dart appears from out of thin air!
The magic dart hits you.
You die...

...........##.#
...........##.##
.....#####.##..#
..... #.###.##
..... ..# #..#
.... ### ##.#
#.# #.## #.@#
##{# #.# # #)#
..#.###.#
#.......#
#.#.##..## #
#.†.# #
###.##...#.#


There were no monsters in sight!

Vanquished Creatures
  A gnoll (D:1)
  4 adders
  An ooze (D:2)
  2 dart slugs
  2 leopard geckos (D:1)
  3 orcs (D:3)
  2 giant cockroaches (D:1)
  2 goblins
  8 hobgoblins
  6 jackals
  A quokka (D:3)
  2 ball pythons
  5 bats
  4 frilled lizards
  2 kobolds
  8 rats
53 creatures vanquished.

Vanquished Creatures (collateral kills)
  A worm (D:3)
1 creature vanquished.

Grand Total: 54 creatures vanquished

Notes
Turn   | Place    | Note
-------+----------+-------------------------------------------
     0 | D:1      | Eitelfritz the Demonspawn Gladiator began the quest for the
                  | Orb.
     0 | D:1      | Reached XP level 1. HP: 16/16 MP: 1/1
    60 | D:1      | Gained mutation: You are immune to miasma. [demonic
                  | ancestry]
    60 | D:1      | Reached XP level 2. HP: 19/22 MP: 2/2
   445 | D:1      | Gained mutation: A weak demonic guardian rushes to your
                  | aid. [demonic ancestry]
   445 | D:1      | Reached XP level 3. HP: 24/27 MP: 3/3
  1697 | D:2      | Gained mutation: You have a pair of small horns on your
                  | head. [demonic ancestry]
  1697 | D:2      | Reached XP level 4. HP: 31/34 MP: 4/4
  1833 | D:2      | You fall into a shaft and drop 1 floor!
  1963 | D:3      | Killed from afar by an orc wizard

Illustrated notes

Levels and vault maps discovered:
D:1:      dpeg_arrival_radiant, layout_basic
D:2:      layout_loops_ring
D:3:      layout_basic, grunt_temple_overflow_open, serial_co_window_serial,
          co_window_paths_a, co_window_paths_a, co_window_corner_a,
          co_window_corner_a, co_window_paths_a, co_window_corner_b,
          co_window_of_opportunity_b, co_window_corner_b, co_window_corner_ca,
          co_window_broadway_b, co_window_cross_3, glass_columns_b,
          glass_columns_a, kennysheep_path_1

Skill      XL: |  1  2 |
---------------+-------+-----
Dodging        | 3 |  3.5
Long Blades    | 3 |  3.8
Throwing       | 2 |  2.0
Fighting       | |  2.4
Armour         | |  0.9

Action                   |  1- 3 |  4- 6 || total
-------------------------+-------+-------++-------
Melee: Long sword        |   101 |    33 ||   134
       Headbutt          |       |     8 ||     8
Armor: Leather armour    |    23 |       ||    23
       Ring mail         |     8 |     9 ||    17
Dodge: Dodged            |    84 |    25 ||   109
       Rpst.: Long sword |    26 |     7 ||    33
